 Dungeon Crawl Stone Soup version 0.23.2-1-ga50397a6bc (webtiles) character file.

Game seed: 11145306076578160298

6842 Morbidden the Grappler (level 10, -9/88 HPs)
             Began as a Black Draconian Monk on Apr 28, 2019.
             Was an Elder of Cheibriados.
             Mangled by a yak (12 damage)
             ... on level 12 of the Dungeon.
             The game lasted 00:20:05 (9067 turns).

Morbidden the Grappler (Black Draconian Monk)       Turns: 9067, Time: 00:20:05

Health: -9/88      AC: 10    Str: 30    XL:     10   Next: 78%
Magic:  5/14       EV: 18    Int: 20    God:    Cheibriados [****..]
Gold:   382        SH:  0    Dex: 24    Spells: 9/9 levels left

rFire    . . .     SeeInvis .     - Unarmed
rCold    . . .     Gourm    +   (no shield)
rNeg     . . .     Faith    .   (armour unavailable)
rPois    +         Spirit   .   (helmet restricted)
rElec    +         Reflect  .   A - +0 cloak
rCorr    .         Harm     .   e - +1 pair of gloves
MR       .....                  (no boots)
Stlth    +++++.....             f - amulet of the gourmand
HPRegen  0.24/turn              h - ring of stealth
MPRegen  0.14/turn              t - ring of poison resistance

@: mighty, about to teleport, short of breath, very slightly contaminated,
invisible, very slow
A: breathe lightning, unfitting armour, dopey 1, electricity resistance, wild
magic 1, cold-blooded, AC +7
a: Breathe Lightning, Bend Time, Temporal Distortion, Slouch, Renounce Religion


You were on level 12 of the Dungeon.
You worshipped Cheibriados.
Cheibriados was greatly pleased with you.
You were full.

You visited 2 branches of the dungeon, and saw 11 of its levels.
You also visited: Ossuary.

You collected 382 gold pieces.

Inventory:

Armour
 e - a +1 pair of gloves (worn)
 A - a +0 cloak (worn)
 G - a +0 pair of boots of flying
Jewellery
 c - a +3 ring of dexterity
 f - an amulet of the gourmand (around neck)
 h - a ring of stealth (left hand)
 k - an uncursed ring of magical power
 l - an uncursed ring of protection from fire
 t - a ring of poison resistance (right hand)
Wands
 g - a wand of acid (12)
 r - a wand of digging (2)
Scrolls
 b - 3 scrolls of amnesia
 d - 3 scrolls of teleportation
 j - 2 scrolls of fog
 p - a scroll of blinking
 q - 4 scrolls of remove curse
 w - 5 scrolls of identify
 y - a scroll of vulnerability {unknown}
 B - a scroll of magic mapping
 C - 2 scrolls of immolation {unknown}
 F - a scroll of silence {unknown}
Potions
 i - 3 potions of flight
 m - 2 potions of haste
 n - 2 potions of curing
 o - a potion of brilliance
 u - a potion of might
 x - a potion of cancellation
 z - a potion of mutation
 D - a potion of agility {unknown}
Comestibles
 a - 16 rations


   Skills:
 * Level 7.8 Fighting
 * Level 6.9 Dodging
 + Level 5.3 Stealth
 + Level 11.8 Unarmed Combat
 * Level 5.3 Invocations
 + Level 0.2 Evocations


You had 9 spell levels left.
You didn't know any spells.
Your spell library contained the following spells:

 Spells                   Type           Power        Failure   Level  Hunger
 Beastly Appendage        Tmut           #.....       26%         1    ##.....
 Magic Dart               Conj           #...         26%         1    ##.....
 Pain                     Necr           #...         26%         1    ##.....
 Sandblast                Erth           #.....       26%         1    ##.....
 Shock                    Conj/Air       #...         26%         1    ##.....
 Blink                    Tloc           N/A          36%         2    ###....
 Call Imp                 Summ           #.......     36%         2    ###....
 Passwall                 Tmut/Erth      #.......     36%         2    ###....
 Slow                     Hex            #.......     36%         2    ###....
 Conjure Flame            Conj/Fire      #.......     58%         3    ####...
 Mephitic Cloud           Conj/Pois/Air  #.......     58%         3    ####...
 Stone Arrow              Conj/Erth      #.....       58%         3    ####...
 Petrify                  Tmut/Erth      #.......     92%         4    #####..
 Lee's Rapid Deconstruct  Erth           #.........   99%         5    ######.


Dungeon Overview and Level Annotations

Branches:
Dungeon (9/15)             Temple (1/1) D:5             Orc (0/2) D:12
   Lair: D:8-11

Altars:
Ashenzari
Cheibriados
Dithmenos
Elyvilon
Fedhas
Gozag
Hepliaklqana
Kikubaaqudgha
Makhleb
Nemelex Xobeh
Qazlal
Ru
Sif Muna
Trog
Uskayaw
Vehumet
Wu Jian
Xom
Yredelemnul
Zin
The Shining One

Shops:
D:6 *   D:7 }

Annotations:
D:4 2 runed translucent doors, Veteran's ghost, novice GrFi
D:5 1 runed translucent door, P0WERM0DE's ghost, novice VSFi
D:12 Fannar


Innate Abilities, Weirdness & Mutations

You can breathe wild blasts of lightning.
Your glossy black scales are hard. (AC +7)
You cannot fit into any form of body armour.
You are resistant to electric shocks. (rElec)
You are cold-blooded and may be slowed by cold attacks.
You are dopey. (Int -2)
Your spells are a little harder to cast, but a little more powerful.


Message History

A tengu conjurer comes into view.
The tengu conjurer shouts!
The yak bellows!
You hear an angry buzzing noise.
You hear a croak.
You hear a bark!
The redback barely misses you.
A hornet comes into view.
The gargoyle completely misses you.
A purple ugly thing comes into view.
An ice beast comes into view.
The yak barely misses you.
Unknown command.
Unknown command.
Okay, then.
As you read the scroll of teleportation, it crumbles to dust.
You feel strangely unstable. The redback barely misses you.
The gargoyle hurls a stone arrow at you.
The stone arrow hits you!
* * * LOW HITPOINT WARNING * * *
The yak gores you.
* * * LOW HITPOINT WARNING * * *
The redback misses you. The yak gores you!
You die...

#. #.
##'#####
#......#
#......#
#......#
#####...†.†#
....Y....††#
###uY@sQ.#Y#
#.9YY†.'.#
#e.YY..###
##†#####
#§## ###
#..# ..#
##'##### #.#
#......# #.#
#......+


You could see Fannar, a purple ugly thing (wandering), 5 yaks, a tengu conjurer,
a redback, a gargoyle and an ice beast (wandering).

Vanquished Creatures
  A two-headed ogre (D:8)
  A moth of wrath (D:6)
  2 hippogriffs (D:9)
  3 hungry ghosts
  6 yaks (D:12)
  A wyvern (D:9)
  Menkaure (Ossuary)
  3 ice beasts
  A swamp drake (D:12)
  3 sky beasts
  3 orc warriors
  2 black bears (D:8)
  A phantom (D:4)
  3 necrophages
  4 ogres
  3 centaurs
  2 bullfrogs (D:8)
  4 scorpions
  8 killer bees
  3 howler monkeys (D:12)
  3 crimson imps
  2 hounds
  4 orc priests
  5 orc wizards
  A centaur skeleton (D:6)
  Ijyb (D:5)
  2 iguanas
  8 worker ants
  A statue (D:9)
  3 mummies (Ossuary)
  10 adders
  2 shadow imps (D:8)
  An adder zombie (D:5)
  7 worms
  2 dart slugs (D:1)
  5 leopard geckos
  34 orcs
  9 bats
  9 giant cockroaches
  5 gnoll zombies (Ossuary)
  8 goblins
  7 hobgoblins
  5 jackals
  2 quokkas
  A ball python (D:3)
  2 frilled lizards (D:5)
  A giant cockroach zombie (D:6)
  3 gnoll skeletons (Ossuary)
  4 goblin skeletons (Ossuary)
  5 goblin zombies (Ossuary)
  2 hobgoblin skeletons (Ossuary)
  3 hobgoblin zombies (Ossuary)
  8 kobolds
  3 kobold skeletons (Ossuary)
  4 kobold zombies (Ossuary)
  2 leopard gecko skeletons
  5 orc skeletons (Ossuary)
  4 orc zombies (Ossuary)
  11 rats
  7 rat skeletons (Ossuary)
  4 rat zombies (Ossuary)
260 creatures vanquished.

Vanquished Creatures (others)
  A yak (D:12)
  An orc skeleton (Ossuary)
  2 withered plants (D:5)
4 creatures vanquished.

Grand Total: 264 creatures vanquished

Notes
Turn   | Place    | Note
-------+----------+-------------------------------------------
     0 | D:1      | Morbidden the Draconian Monk began the quest for the Orb.
     0 | D:1      | Reached XP level 1. HP: 19/19 MP: 1/1
   273 | D:1      | Reached XP level 2. HP: 27/27 MP: 2/2
   644 | D:1      | Reached XP level 3. HP: 32/33 MP: 3/3
  1029 | D:2      | Found a shattered altar of Ashenzari.
  1468 | D:2      | Found a white marble altar of Elyvilon.
  1919 | D:3      | Found an opulent altar of Gozag.
  1935 | D:3      | Reached skill level 4 in Unarmed Combat
  1940 | D:3      | Reached XP level 4. HP: 36/40 MP: 4/4
  1997 | D:3      | Found a sacrificial altar of Ru.
  2131 | D:3      | Found a deep blue altar of Sif Muna.
  2355 | D:3      | Reached XP level 5. HP: 39/46 MP: 5/5
  2596 | D:4      | Found a large runed translucent door.
  2596 | D:4      | Found a large runed translucent door.
  2641 | D:4      | Reached skill level 5 in Unarmed Combat
  2824 | D:4      | Found a sparkling altar of Nemelex Xobeh.
  3123 | D:4      | Noticed an ogre
  3135 | D:4      | Killed an ogre
  3135 | D:4      | Reached XP level 6. HP: 38/53 MP: 6/6
  3242 | D:4      | Found a hazy altar of Hepliaklqana.
  3265 | D:4      | Found a shimmering altar of Xom.
  3655 | D:4      | Reached skill level 6 in Unarmed Combat
  3986 | D:4      | Noticed Veteran's ghost (novice GrFi)
  4065 | D:5      | Entered Level 5 of the Dungeon
  4125 | D:5      | Noticed Ijyb
  4145 | D:5      | Killed Ijyb
  4190 | D:5      | Your scales start taking on a glossy black colour.
  4190 | D:5      | Reached XP level 7. HP: 53/60 MP: 7/7
  4190 | D:5      | Gained mutation: You are resistant to electric shocks.
                  | (rElec) [Black Draconian growth]
  4545 | D:5      | Found a staircase to the Ecumenical Temple.
  4568 | Temple   | Entered the Ecumenical Temple
  4610 | Temple   | Became a worshipper of Cheibriados the Contemplative
  4610 | Temple   | Reached * piety under Cheibriados
  4610 | Temple   | Reached ** piety under Cheibriados
  4676 | D:5      | Found a runed translucent door.
  4680 | D:5      | Noticed P0WERM0DE's ghost (novice VSFi)
  4787 | D:6      | Reached skill level 5 in Fighting
  4798 | D:6      | Reached skill level 7 in Unarmed Combat
  4927 | D:6      | HP: 2/61 [centaur (8)]
  4928 | D:6      | Gained mutation: You are dopey. (Int -2) [potion of
                  | mutation]
  4928 | D:6      | Gained mutation: Your spells are a little harder to cast,
                  | but a little more powerful. [potion of mutation]
  4933 | D:6      | HP: 3/91 [centaur (4)]
  4937 | D:6      | Reached skill level 8 in Unarmed Combat
  4937 | D:6      | Reached XP level 8. HP: 4/68 MP: 8/8
  5378 | D:6      | Found Lijo's Assorted Antiques.
  5580 | D:6      | Noticed a moth of wrath
  5582 | D:6      | Found a bloodstained altar of Trog.
  5615 | D:6      | Killed a moth of wrath
  5615 | D:6      | Reached skill level 9 in Unarmed Combat
  5615 | D:6      | Reached skill level 1 in Invocations
  5912 | D:7      | Found a sand-covered staircase.
  5918 | Ossuary  | Entered an ossuary
  5957 | Ossuary  | Reached *** piety under Cheibriados
  6132 | Ossuary  | Reached **** piety under Cheibriados
  6166 | Ossuary  | Noticed Menkaure
  6169 | Ossuary  | Killed Menkaure
  6481 | D:7      | Reached XP level 9. HP: 75/75 MP: 10/10
  6524 | D:7      | Found a shadowy altar of Dithmenos.
  6594 | D:7      | Found Nuzxiz's Gadget Shoppe.
  6729 | D:7      | Reached skill level 5 in Dodging
  6729 | D:7      | Reached skill level 10 in Unarmed Combat
  6779 | D:7      | Found a stormy altar of Qazlal.
  6828 | D:7      | Reached ***** piety under Cheibriados
  7253 | D:8      | Noticed a two-headed ogre
  7259 | D:8      | Killed a two-headed ogre
  7658 | D:8      | Reached skill level 11 in Unarmed Combat
  8115 | D:8      | Reached XP level 10. HP: 83/83 MP: 13/13
  8633 | D:9      | Found a radiant altar of Vehumet.
  8781 | D:9      | Identified An Introduction to Theurgy
  8811 | D:9      | Found a blossoming altar of Fedhas.
  8842 | D:9      | You fall through a shaft for 3 floors!
  8842 | D:12     | Found a staircase to the Orcish Mines.
  8845 | D:12     | Reached skill level 5 in Stealth
  9038 | D:12     | Noticed Fannar
  9045 | D:12     | Reached skill level 5 in Invocations
  9047 | D:12     | Noticed a gargoyle
  9066 | D:12     | Noticed a purple ugly thing
  9067 | D:12     | HP: 3/88 [yak (5)]
  9067 | D:12     | Mangled by a yak

Skill      XL: |  1  2  3  4  5  6  7  8  9 10 |
---------------+-------------------------------+-----
Fighting       | 4 5 6 7 |  7.8
Stealth        | 2 3 4 5 |  5.3
Unarmed Combat | 4 5 6 8 9 11 | 11.8
Dodging        | 3 4 5 6 |  6.9
Invocations    | 1 4 5 |  5.3
Evocations     | |  0.2

Action                   |  1- 3 |  4- 6 |  7- 9 | 10-12 || total
-------------------------+-------+-------+-------+-------++-------
Melee: Unarmed           |   151 |   215 |   276 |   112 ||   754
       Tailslap          |    13 |    32 |    58 |    25 ||   128
       Punch             |     3 |     3 |    19 |    13 ||    38
Invok: Slouch            |       |       |     1 |     4 ||     5
 Abil: Breathe Lightning |       |       |     7 |     4 ||    11
Evoke: Wand              |       |       |     1 |       ||     1
  Use: Scroll            |     6 |     2 |     9 |     3 ||    20
       Potion            |       |     2 |     4 |     4 ||    10
 Stab: Sleeping          |     2 |     7 |    11 |     5 ||    25
       Invisible         |       |       |       |     3 ||     3
  Eat: Chunk             |     9 |     8 |    13 |     4 ||    34
       Ration            |       |       |     1 |       ||     1
Armor: Skin              |    56 |    56 |    66 |    28 ||   206
Dodge: Dodged            |   129 |   151 |   178 |   122 ||   580
